Map: Triton LE

Players

Duriel

  • Race: Zerg Zerg
  • League: Platinum
  • Spawn Location: 5:00

TriggerFinge - Winner!

  • Race: Terran Terran
  • League: Platinum
  • Spawn Location: 11:00

VOD

Have the link to the VOD?

Description

what went wrong

Time

  • Played on: Feb. 8, 2020, 2:32 p.m.
  • Length: 13:17
Show
View Real Time Build Order
Export as new Build Order

Duriel Zerg 

Build Orders: Hatch First, Muta Ling Bane 

Get SALT Encoding   

  12  0:01  Drone  
  13  0:15  Overlord  
  13  0:22  Drone  
  14  0:34  Drone x2  
  16  0:38  Drone  
  17  0:49  Drone  
  18  0:56  Hatchery  
  17  1:01  Drone  
  18  1:09  Drone  
  19  1:12  Extractor  
  18  1:21  Drone  
  18  1:25  Spawning Pool  
  18  1:31  Overlord  
  18  1:42  Drone  
  19  1:52  Drone  
  20  2:05  Drone  
  21  2:09  Hatchery  
  21  2:15  Queen  
  22  2:24  Queen  
  22  2:25  Drone  
  22  2:27  Zergling x2  
  26  2:37  Drone x3  
  26  2:42  Spore Crawler  
  26  2:43  Drone  
  29  2:51  Drone x2  
  30  2:55  Metabolic Boost  
  31  3:00  Extractor  
  29  3:09  Drone x2  
  31  3:16  Evolution Chamber  
  31  3:17  Evolution Chamber  
  29  3:21  Overlord  
  28  3:28  Drone x4  
  28  3:29  Drone  
  33  3:38  Zergling x4  
  35  3:43  Queen  
  37  3:49  Zerg Melee Weapons Level 1  
  37  3:53  Drone x2  
  37  3:54  Drone  
  40  4:04  Zerg Ground Armor Level 1  
  40  4:07  Drone x2  
  40  4:08  Drone  
  43  4:12  Overlord  
  42  4:22  Drone x4  
  46  4:26  Drone x3  
  49  4:31  Zergling x6  
  51  4:39  Lair  
  51  4:42  Drone  
  51  4:44  Drone, Extractor  
  51  4:45  Extractor  
  50  4:50  Queen  
  50  4:51  Baneling Nest  
  51  5:10  Drone x3  
  53  5:14  Spore Crawler  
  53  5:17  Spore Crawler  
  48  5:22  Drone x2  
  48  5:24  Overlord  
  50  5:29  Spine Crawler  
  50  5:31  Spore Crawler  
  48  5:42  Overlord  
  48  5:43  Overseer  
  48  5:48  Overlord  
  48  5:50  Pneumatized Carapace  
  48  5:52  Drone  
  48  5:53  Drone  
  50  6:01  Spire  
  49  6:04  Spore Crawler  
  49  6:08  Drone x6  
  49  6:09  Drone, Spine Crawler  
  49  6:10  Zergling x10  
  49  6:11  Spore Crawler  
  58  6:13  Overlord  
  58  6:31  Spore Crawler  
  57  6:33  Drone x4  
  57  6:37  Drone  
  57  6:38  Drone x6  
  57  6:39  Drone x2  
  70  6:42  Overlord  
  70  6:52  Zerg Melee Weapons Level 2  
  70  6:55  Zerg Ground Armor Level 2  
  70  6:57  Zergling x4  
  72  7:06  Drone x4  
  76  7:10  Extractor x2  
  76  7:12  Drone x2  
  76  7:14  Overlord x2  
  76  7:15  Drone x2  
  78  7:17  Zerg Flyer Weapons Level 1  
  78  7:19  Mutalisk  
  80  7:31  Drone  
  80  7:32  Drone x3  
  84  7:45  Hatchery  
  84  7:47  Centrifical Hooks  
  83  8:03  Drone x4  
  83  8:04  Drone  
  83  8:05  Drone x2  
  90  8:07  Overlord x3  
  90  8:22  Baneling  
  90  8:23  Baneling x13  
  90  8:25  Zergling x24  
  90  8:26  Zergling x8  
  106  8:37  Infestation Pit  
  106  8:38  Drone  
  106  8:40  Overlord  
  104  8:51  Baneling x10  
  93  8:59  Zergling x2  
  93  9:00  Zergling x12  
  97  9:08  Zergling x8  
  92  9:18  Mutalisk x5  
  102  9:31  Overseer  
  102  9:33  Overseer  
  96  9:45  Drone x3  
  96  9:47  Drone x4  
  96  9:49  Hatchery  
  101  10:02  Infestation Pit  
  100  10:09  Zergling x2  
  100  10:10  Zergling x10  
  96  10:21  Baneling  
  96  10:22  Baneling x7  
  96  10:34  Zergling x2  
  96  10:35  Zergling x2  
  98  10:41  Mutalisk x2  
  98  10:42  Mutalisk  
  87  10:58  Drone, Zergling x4  
  87  11:03  Zergling x2  
  85  11:04  Zergling x16  
  85  11:07  Hive  
  82  11:17  Mutalisk x3  
  83  11:24  Queen  
  83  11:25  Drone x3  
  83  11:29  Baneling x9  
  83  11:30  Baneling x9  
  83  11:45  Overlord  
  83  11:46  Overlord x2  
  83  11:47  Overlord x5  
  83  11:52  Drone  
  82  12:11  Drone x7  
  82  12:12  Extractor x2  
  87  12:28  Zergling x4  
  87  12:29  Zergling x8  
  93  12:36  Hatchery  
  92  12:41  Hatchery  
  91  12:46  Hatchery  
  90  12:52  Zergling x2  
  90  12:53  Zergling x20  
Show
View Real Time Build Order
Export as new Build Order

TriggerFinge Terran - Winner!

Build Orders: Gas First Reaper Expand 

Get SALT Encoding   

  12  0:01  SCV  
  13  0:13  SCV  
  14  0:17  Supply Depot  
  14  0:25  SCV  
  15  0:28  Refinery  
  15  0:38  SCV  
  16  0:45  Barracks  
  16  0:51  SCV  
  17  1:03  SCV  
  18  1:15  SCV  
  19  1:31  Orbital Command  
  19  1:32  Reaper  
  20  1:42  Command Center  
  20  1:54  Factory  
  20  1:57  SCV  
  21  2:06  Barracks Reactor  
  21  2:09  SCV  
  21  2:13  Supply Depot  
  22  2:16  Refinery  
  22  2:22  SCV  
  23  2:34  SCV  
  24  2:37  Factory Tech Lab  
  24  2:44  Marine x2  
  24  2:46  SCV  
  27  2:55  Siege Tank  
  27  2:56  Orbital Command  
  30  2:59  SCV  
  31  3:06  Marine x2  
  31  3:11  SCV  
  34  3:23  SCV  
  35  3:31  SCV  
  35  3:34  Command Center  
  36  3:35  SCV  
  36  3:39  Marine x2  
  39  3:44  SCV  
  39  3:45  Starport  
  39  3:47  SCV  
  41  3:55  Siege Tank  
  44  3:57  Marine x2  
  46  4:30  SCV x2, Viking  
  50  4:32  Marine  
  50  4:33  Marine  
  52  4:38  Barracks  
  52  4:39  Barracks x2  
  52  4:42  SCV x2  
  54  4:50  Orbital Command  
  54  4:54  SCV  
  54  4:59  SCV  
  55  5:02  Marine x2  
  55  5:05  Refinery  
  55  5:06  SCV  
  58  5:11  SCV  
  59  5:17  SCV  
  59  5:18  SCV  
  59  5:23  SCV  
  59  5:26  Barracks Tech Lab x2  
  59  5:27  Barracks Reactor  
  60  5:29  Engineering Bay, SCV  
  60  5:30  SCV  
  60  5:31  Refinery  
  60  5:32  Engineering Bay  
  62  5:36  SCV  
  62  5:39  Supply Depot  
  62  5:40  Supply Depot  
  62  5:41  Siege Tank, SCV  
  67  5:43  SCV  
  67  5:46  Stimpack, Combat Shield  
  67  5:48  SCV  
  69  5:50  Starport Reactor, Orbital Command  
  69  6:00  Marine x4  
  69  6:02  SCV  
  69  6:03  Terran Infantry Armor Level 1, SCV  
  75  6:04  Terran Infantry Weapons Level 1  
  75  6:08  Missile Turret  
  75  6:10  Marine x2, Missile Turret  
  77  6:14  SCV  
  77  6:15  SCV  
  77  6:18  Marine x3, SCV  
  82  6:23  Supply Depot  
  83  6:26  Marine  
  83  6:27  SCV  
  83  6:28  Supply Depot x2  
  85  6:36  Armory  
  85  6:44  Missile Turret  
  85  6:45  Marine x5, SCV x3  
  93  6:50  Supply Depot  
  93  6:51  Marine  
  93  6:52  Supply Depot, Medivac  
  93  6:53  Medivac  
  98  6:57  SCV x3  
  101  7:03  Marine x4  
  101  7:07  Marine  
  106  7:08  Marine  
  106  7:09  SCV x2, Barracks  
  106  7:11  Barracks  
  106  7:12  SCV  
  110  7:15  Supply Depot  
  110  7:20  Siege Tank, Marine x2  
  110  7:22  Supply Depot, SCV x2, Medivac  
  117  7:23  Medivac  
  117  7:25  Marine x2  
  117  7:26  Marine x2  
  125  7:42  Marine  
  125  7:43  Marine x2  
  128  7:49  SCV x3  
  128  7:50  Concussive Shells  
  131  7:51  Marine  
  131  7:52  Marine x2  
  131  7:57  Command Center  
  134  8:00  Marine, Terran Infantry Weapons Level 2  
  134  8:01  Terran Infantry Armor Level 2, Marine x2  
  137  8:08  Barracks Reactor x2  
  137  8:09  Marine  
  137  8:10  Marine x2, Terran Vehicle Weapons Level 1  
  137  8:12  SCV  
  141  8:15  Refinery  
  141  8:23  Marine x3, SCV  
  141  8:24  Supply Depot  
  141  8:25  Supply Depot  
  141  8:26  Supply Depot  
  145  8:27  Marine x2  
  145  8:28  Supply Depot, Marine  
  145  8:29  Supply Depot  
  148  8:41  Marine  
  149  8:45  Marine x4, Medivac  
  155  9:02  Marine  
  153  9:03  Marine x9  
  128  9:20  Marine  
  128  9:21  Marine x9  
  138  9:26  Orbital Command  
  138  9:27  Missile Turret  
  138  9:38  Marine x3  
  138  9:39  Marine x2  
  138  9:42  Barracks  
  138  9:43  Barracks  
  140  9:48  Refinery, Marine x5  
  145  9:56  Marine x5  
  150  10:05  Marine  
  150  10:06  Marauder, Marine x2  
  150  10:07  Marauder, Terran Vehicle Weapons Level 2  
  157  10:14  Marine x5  
  162  10:23  Marine  
  162  10:24  Marine x2  
  162  10:28  Marauder x2  
  169  10:31  Command Center, Marine  
  169  10:32  Marine  
  171  10:42  Command Center  
  161  10:49  Marauder x2  
  147  10:50  Marine x2  
  147  10:51  Marine x8  
  147  10:53  Medivac x2  
  161  11:08  Marine x3  
  161  11:09  Marine x3  
  161  11:11  Marauder x2, Barracks Tech Lab  
  171  11:12  Marine x2, Barracks Tech Lab  
  173  11:26  Marine x5  
  173  11:27  Marine  
  173  11:30  Marine x2  
  173  11:32  Marauder x2  
  185  11:35  Marauder x2  
  189  11:44  Marine x6, Orbital Command  
  195  11:47  Marine, Missile Turret  
  195  11:48  Marine  
  195  11:53  Marauder x2  
  194  11:56  Marine x2  
  194  11:57  Planetary Fortress  
  194  11:59  Missile Turret  
  196  12:01  Marine  
  196  12:02  Marine  
  196  12:07  Missile Turret x2  
  198  12:15  Marauder  
Tags
 
Add a new tag
Caveats
  • Supply blocks, unpowered buildings, or Contaminate may cause inaccurate times.
  • Supply counts are checked every 10 seconds.